 Dungeon Crawl Stone Soup version 0.32-a0-799-g95e1662365 (webtiles) character file.

Game seed: 6644780261002813730

371 zenocrate the Insei (level 6, -8/42 HPs)
             Began as an Octopode Earth Elementalist on Mar 21, 2024.
             Killed from afar by an orc wizard (12 damage)
             ... with a magic dart
             ... on level 5 of the Dungeon.
             The game lasted 00:04:02 (3317 turns).

zenocrate the Insei (Octopode Earth Elementalist)   Turns: 3317, Time: 00:04:04

Health: -8/42      AC:  1    Str:  9    XL:     6   Next: 70%
Magic:  18/18      EV: 12    Int: 18    God:
Gold:   196        SH:  0    Dex: 12    Spells: 5/10 levels left

rFire   . .          .
                       - Unarmed
rCold   . . .        (no shield)
rNeg    . . .        (helmet restricted)
rPois   .            (no amulet)
rElec   .            j - ring of magical power
rCorr   .            (no ring)
SInv    .            (no ring)
Will    .....        (no ring)
Stlth   +++          (no ring)
HPRegen 0.27/turn    (no ring)
MPRegen 0.16/turn    (no ring)
                     (no ring)

%: no passive effects
@: attractive
A: almost no armour, amphibious, 8 rings, camouflage 1, gelatinous body 1,
(nimble swimmer 1), tentacles, mutation resistance 1, screaming 1
a: no special abilities


You were on level 5 of the Dungeon.
You visited 2 branches of the dungeon, and saw 7 of its levels.

You collected 196 gold pieces.

Inventory:

Jewellery
 j - a ring of magical power (left tentacle)
Wands
 h - a wand of charming (2)
 i - a wand of digging (2)
Scrolls
 b - a scroll of noise {unknown}
 c - 3 scrolls of fear
 d - a scroll of amnesia {unknown}
 f - 2 scrolls of teleportation {unknown}
 k - a scroll of immolation {unknown}
 m - a scroll of fog {unknown}
Potions
 a - a potion of magic
 e - a potion of resistance
 g - 2 potions of might
 n - a potion of heal wounds {unknown}


   Skills:
 - Level 3.3 Fighting
 - Level 2.0 Dodging
 - Level 2.6 Stealth
 + Level 4.6 Unarmed Combat
 - Level 2.6 Spellcasting
 - Level 1.0 Conjurations
 - Level 3.0 Earth Magic
 + Level 1.8 Evocations


You had 5 spell levels left.
You knew the following spells:

 Your Spells              Type           Power      Damage    Failure   Level
a - Sandblast             Erth           26%        2d8       4%          1
b - Stone Arrow           Conj/Erth      18%        3d8       22%         3
m - Apportation           Tloc           4%         N/A       17%         1

Your spell library contained the following spells:

 Spells                   Type           Power      Damage    Failure   Level
 Passwall                 Erth           13%        N/A       16%         3
 Jinxbite                 Hex            4%         N/A       26%         2
 Scorch                   Fire           4%         2d5       26%         2
 Inner Flame              Hex/Fire       2%         N/A       45%         3
 Brom's Barrelling Bould  Conj/Erth      9%         2d3       58%         4
 Leda's Liquefaction      Alch/Erth      3%         N/A       67%         4
 Petrify                  Alch/Erth      7%         N/A       67%         4
 Flame Wave               Conj/Fire      4%         2d5       80%         4
 Irradiate                Conj/Alch      2%         3d12      98%         5
 Alistair's Intoxication  Alch           1%         N/A       99%         5
 Metabolic Englaciation   Hex/Ice        1%         N/A       99%         5
 Summon Cactus Giant      Summ           1%         N/A       100%        6
 Ignition                 Fire           1%         3d3       100%        8


Dungeon Overview and Level Annotations

Branches:
Dungeon (6/15)             Temple (1/1) D:4

Altars:
Ashenzari
Cheibriados
Elyvilon
Hepliaklqana
Kikubaaqudgha
Makhleb
Nemelex Xobeh
Okawaru
Qazlal
Trog
Uskayaw
Wu Jian
Xom
Zin
The Shining One

Shops:
D:2 !

Annotations:
D:1 dig for potion
D:6 Dowan, Duvessa


Innate Abilities, Weirdness & Mutations

You cannot wear most types of armour.
You are amphibious.
You can wear up to eight rings at the same time.
Your skin changes colour to match your surroundings (Stealth+).
Your rubbery body absorbs attacks. (AC +1, EV +1)
((You are camouflaged when in or above water. (Stealth+)))
You have tentacles for arms and can constrict up to eight enemies at once.
You are somewhat resistant to further mutation.
You occasionally shout uncontrollably at your foes.


Message History

Confirm with . or Enter, or press ? or * to list all spells.
Aiming: Sandblast (safe; 4% risk of failure)
Press: ? - help, Shift-Dir - straight line, f - orc wizard
Aim: an orc wizard, wielding a +0 dagger and wearing a +0 robe (77% to hit)
The blast of sand hits the orc wizard.
The orc wizard is moderately wounded.
Unknown command.
The orc priest shouts, "Surrender to Beogh and we'll let you live!"
You tentacle-slap the orc wizard. You grab the orc wizard.
The orc wizard is moderately wounded.
You constrict the orc wizard.
The orc wizard escapes!
You tentacle-slap the orc priest. Your grab misses the orc priest.
The orc priest is lightly wounded.
The orc wizard completely misses you. The orc priest barely misses you.
Unknown command.
You closely miss the orc priest. You grab the orc priest.
You squeeze the orc priest.
The orc priest is lightly wounded.
You constrict the orc priest.
The orc wizard hits you with a +0 dagger.
The orc priest barely misses you.
Unknown command.
You barely miss the orc wizard.
The orc priest threatens, "Beogh's wrath is as vast as their mercy.
Make your choice!"
Your grab misses the orc wizard. You squeeze the orc wizard.
The orc wizard is almost dead.
You constrict the orc priest.
The orc wizard gestures at you while chanting.
The puff of flame hits you!
The orc priest calls down the wrath of Beogh upon you.
Beogh smites you!
* * * LOW HITPOINT WARNING * * *
Unknown command.
It was a potion of attraction.
You feel attractive to monsters.
You constrict the orc priest.
You kill the orc priest!
The orc wizard gestures at you while chanting.
The magic dart hits you!
You die...

... ### ..###.. .. #......
##. . ...... ####.. ..
#..#..## ####..... !..
#..##..##......... ....
#..# #...?........ ....o
#@o###..## ##..
......####)##....## ##...
.........#o.......## #...#
..o.o.....o...##...###†.#.
#####....#...####......##.
###..#.....###....##..
##.#............##..
#.#.........#..#...
..####...#..#..#...


You could see 2 orc wizards and an orc.

Vanquished Creatures
  A scorpion (D:4)
  2 bombardier beetles (D:4)
  An orc priest (D:5)
  A hound (D:5)
  2 iguanas (D:4)
  8 adders
  A white imp (D:5)
  2 dart slugs
  3 ribbon worms
  9 orcs
  5 bats
  2 endoplasms
  3 giant cockroaches
  7 goblins
  5 hobgoblins
  A quokka (D:1)
  10 ball pythons
  3 frilled lizards
  2 kobolds
  7 rats
75 creatures vanquished.

Notes
Turn   | Place    | Note
-------+----------+-------------------------------------------
     0 | D:1      | zenocrate the Octopode Earth Elementalist began the quest
                  | for the Orb.
     0 | D:1      | Reached XP level 1. HP: 11/11 MP: 3/3
    56 | D:1      | Reached skill level 1 in Unarmed Combat
   166 | D:1      | Reached XP level 2. HP: 16/17 MP: 5/5
   722 | D:1      | Found a faded altar of an unknown god.
   722 | D:1      | Noticed an ice devil
   917 | D:2      | Found Teme's Distillery.
   934 | D:2      | Reached skill level 2 in Unarmed Combat
   934 | D:2      | Reached XP level 3. HP: 19/21 MP: 6/6
   947 | D:2      | Learned a level 3 spell: Stone Arrow
  1029 | D:2      | Found a shimmering altar of Xom.
  1115 | D:2      | Reached skill level 1 in Fighting
  1179 | D:2      | Reached XP level 4. HP: 28/28 MP: 7/7
  1552 | D:2      | Gained mutation: You are vulnerable to heat. (rF-) [potion
                  | of mutation]
  1552 | D:2      | Gained mutation: You are somewhat resistant to further
                  | mutation. [potion of mutation]
  1553 | D:2      | Lost mutation: You are vulnerable to heat. (rF-) [potion of
                  | mutation]
  1553 | D:2      | Lost mutation: You are somewhat resistant to further
                  | mutation. [potion of mutation]
  1553 | D:2      | Gained mutation: You occasionally shout uncontrollably at
                  | your foes. [potion of mutation]
  1553 | D:2      | Gained mutation: You are somewhat resistant to further
                  | mutation. [potion of mutation]
  1756 | D:3      | Reached skill level 3 in Unarmed Combat
  2040 | D:3      | Found a bloodstained altar of Trog.
  2166 | D:4      | Found a staircase to the Ecumenical Temple.
  2174 | D:4      | You fall into a shaft and drop 2 floors!
  2247 | D:6      | Noticed Duvessa
  2247 | D:6      | Noticed Dowan
  2255 | D:5      | Entered Level 5 of the Dungeon
  2294 | D:4      | Reached XP level 5. HP: 29/34 MP: 8/8
  2533 | D:4      | HP: 1/36 [poisoned by a scorpion]
  2620 | D:4      | Reached skill level 4 in Unarmed Combat
  2620 | D:4      | Reached XP level 6. HP: 11/42 MP: 9/9
  2794 | Temple   | Entered the Ecumenical Temple
  2862 | D:4      | Learned a level 1 spell: Apportation
  2864 | D:4      | Found an ancient bone altar of Kikubaaqudgha.
  3132 | D:4      | Found a snail-covered altar of Cheibriados.
  3140 | D:4      | Reached skill level 1 in Evocations
  3281 | D:5      | Found a broken altar of Ashenzari.
  3317 | D:5      | Killed from afar by an orc wizard

Illustrated notes

Levels and vault maps discovered:
D:1:      zelgadis_glass_arrival_small, layout_basic,
          dreamdust_ecumenical_altar_sealed_demon, kennysheep_pointless_box,
          minmay_surrounded
D:2:      layout_rooms, basic_altar, serial_shops, shop, grunt_ministairs_6
D:3:      layout_rooms, trog_three_pillars_becter
D:4:      layout_loops_cross, slow_altar_2, mainiacjoe_overflow_alcove_4,
          minmay_temple_entry_arrows
D:5:      layout_layer_cave, ashenzari_conservatory_becter,
          nicolae_overflow_hidden_temple, nicolae_vehumet_altar_sigil,
          ebering_ghost_sewer_f
D:6:      layout_basic, uniq_duvessa
Temple:   chequers_temple_sunken

Skill      XL: |  1  2  3  4  5  6 |
---------------+-------------------+-----
Unarmed Combat | 1 2 3 4 |  4.6
Fighting       | 1 2 3 |  3.3
Evocations     | 1 |  1.8
Dodging        | |  2.0
Stealth        | |  2.6
Spellcasting   | |  2.6
Conjurations   | |  1.0
Earth Magic    | |  3.0

Action                     |  1- 3 |  4- 6 || total
---------------------------+-------+-------++-------
  Melee: Unarmed           |    65 |   110 ||   175
         Constrict         |    20 |    38 ||    58
         Tentacles         |    12 |    27 ||    39
         Punch             |     1 |     4 ||     5
   Cast: Sandblast         |     2 |     3 ||     5
    Use: Scroll            |       |     5 ||     5
         Potion            |       |     3 ||     3
   Stab: Sleeping          |     8 |     8 ||    16
         Distracted        |       |     1 ||     1
 Armour: Skin              |    29 |    49 ||    78
  Dodge: Dodged            |    38 |    55 ||    93

Table legend: (Time is in decaauts)
 A = Elapsed time spent in this place.
 B = Non-inter-level travel time spent in this place.
 C = Inter-level travel time spent in this place.
 D = Time resting spent in this place.
 E = Time spent auto-exploring this place.
 F = Levels seen in this place.
 G = Mean time per level.
                   A        B        C        D        E       F      G
               +--------+--------+--------+--------+--------+-----+--------+
         Total |   3308 |   3212 |     96 |      2 |   2599 |   7 |  472.6 |
       Dungeon |   3306 |   3210 |     96 |      2 |   2599 |   6 |  551.0 |
        Temple |      1 |      1 |      0 |      0 |      0 |   1 |    1.0 |
               +--------+--------+--------+--------+--------+-----+--------+

Top non-repeatable levels by time:
     D:4: 1031 daAuts
     D:1: 917 daAuts
     D:2: 635 daAuts
     D:3: 548 daAuts
     D:5: 93 daAuts
     D:6: 80 daAuts
  Temple: 1 daAuts
